Map: Abyssal Reef LE

Players

Serral

  • Race: Zerg Zerg
  • Spawn Location: 5:00

GuMiho - Winner!

  • Race: Terran Terran
  • Spawn Location: 11:00

Event: 2017 WCS Global Finals

VOD

https://www.youtube.com/watch?v=g3P76Kh7xVw

Description

Time

  • Played on: Oct. 29, 2017, 5:58 p.m.
  • Length: 27:50

All games in this series

Show
View Real Time Build Order
Export as new Build Order

Serral Zerg 

Build Orders: Pool First 

Get SALT Encoding   

  12  0:00  Drone  
  13  0:12  Overlord  
  13  0:16  Drone  
  14  0:30  Drone  
  14  0:31  Drone  
  14  0:34  Drone  
  17  0:44  Extractor  
  17  0:45  Drone  
  17  0:50  Spawning Pool  
  17  0:55  Drone  
  17  1:06  Drone  
  18  1:19  Hatchery  
  18  1:22  Drone  
  18  1:36  Queen  
  18  1:37  Zergling x2  
  21  1:44  Metabolic Boost  
  21  1:51  Overlord  
  21  1:56  Zergling x2  
  22  2:10  Drone  
  22  2:11  Drone  
  22  2:12  Queen  
  26  2:22  Drone  
  27  2:30  Drone  
  27  2:37  Drone  
  27  2:43  Drone x2  
  30  2:45  Queen  
  30  2:47  Drone  
  30  2:48  Drone x2  
  30  2:50  Pneumatized Carapace  
  35  2:54  Drone  
  36  2:59  Overlord  
  36  3:14  Hatchery  
  36  3:18  Drone x2  
  37  3:23  Zergling x2  
  37  3:24  Zergling x2  
  37  3:26  Drone  
  40  3:28  Overlord  
  40  3:30  Drone  
  40  3:33  Drone  
  42  3:37  Queen  
  42  3:41  Overlord  
  44  3:47  Drone x3  
  47  3:56  Drone x5  
  47  3:59  Zergling x2  
  47  4:02  Zergling x2  
  54  4:04  Zergling x2  
  54  4:09  Lair  
  55  4:12  Baneling Nest, Zergling x2  
  55  4:17  Queen  
  55  4:20  Extractor  
  55  4:21  Zergling x2  
  55  4:23  Zergling x2  
  57  4:28  Drone  
  57  4:29  Drone  
  57  4:30  Spore Crawler  
  59  4:31  Drone x2  
  59  4:35  Zergling x4  
  59  4:37  Drone x3  
  65  4:42  Overlord  
  65  4:49  Overlord  
  65  4:52  Overlord  
  65  5:00  Queen  
  65  5:04  Overlord  
  65  5:06  Baneling x2  
  65  5:07  Baneling x2, Drone x5  
  67  5:08  Drone  
  67  5:09  Drone  
  67  5:12  Centrifical Hooks  
  67  5:14  Drone  
  75  5:18  Zergling x6  
  77  5:23  Overlord  
  77  5:25  Extractor  
  77  5:27  Extractor, Overlord  
  75  5:29  Spore Crawler, Drone  
  75  5:32  Overlord  
  75  5:37  Overlord  
  75  5:39  Drone  
  75  5:40  Drone x3  
  78  5:44  Evolution Chamber  
  78  5:45  Drone x2  
  78  5:47  Evolution Chamber, Drone  
  78  5:48  Drone  
  80  5:51  Baneling x2  
  80  5:53  Overlord  
  80  5:54  Drone x2  
  80  5:56  Drone x2  
  84  6:02  Drone x2  
  86  6:06  Drone  
  86  6:09  Drone  
  86  6:11  Zerg Melee Weapons Level 1  
  88  6:14  Extractor, Hydralisk Den  
  87  6:18  Drone x2  
  87  6:24  Zergling x6  
  89  6:25  Overseer  
  89  6:34  Hatchery  
  89  6:38  Zerg Ground Armor Level 1  
  89  6:39  Drone x2  
  90  6:41  Zergling x12  
  90  6:46  Baneling x3  
  96  6:49  Drone x2  
  96  6:51  Overlord  
  98  6:57  Drone x3  
  98  6:59  Overlord  
  98  7:06  Drone  
  96  7:10  Zergling x10  
  100  7:23  Zergling x12  
  100  7:27  Drone x4  
  107  7:31  Zergling x2  
  107  7:34  Muscular Augments  
  107  7:35  Hydralisk  
  110  7:41  Hydralisk x2  
  114  7:47  Hydralisk x2  
  114  7:48  Queen  
  114  7:51  Baneling x6, Hatchery  
  119  7:57  Zergling x12  
  119  7:58  Zergling x6  
  124  8:06  Zergling x2  
  124  8:07  Zergling x8  
  124  8:08  Zergling x2  
  127  8:13  Zergling x4  
  127  8:17  Overseer  
  127  8:18  Drone x2  
  127  8:19  Drone x3  
  134  8:20  Zerg Melee Weapons Level 2  
  134  8:25  Zergling x6  
  134  8:26  Baneling x4  
  137  8:28  Baneling x4  
  137  8:29  Overlord  
  137  8:31  Baneling x8  
  137  8:34  Overlord x2  
  137  8:46  Zerg Ground Armor Level 2  
  137  8:48  Hydralisk x3  
  137  8:49  Zergling x2  
  137  8:53  Baneling  
  137  8:54  Baneling x6, Hydralisk x3  
  137  8:55  Hydralisk, Zergling x6  
  152  8:56  Zergling x4  
  152  9:01  Zergling x6  
  155  9:11  Zergling x2  
  155  9:12  Zergling x18  
  164  9:20  Zergling x2  
  164  9:21  Infestation Pit, Zergling x2  
  164  9:23  Overlord x3  
  161  9:33  Drone x2  
  161  9:34  Zergling x2  
  161  9:36  Overlord x2  
  161  9:37  Overlord x3  
  161  9:38  Overlord  
  156  9:42  Queen  
  156  9:43  Drone x2  
  156  9:44  Zergling x8  
  163  9:45  Baneling  
  163  9:46  Baneling x7  
  163  9:50  Zergling x2  
  163  9:51  Zergling x6  
  162  9:56  Zergling x6  
  162  9:57  Zergling x6  
  155  10:00  Hive  
  155  10:04  Hydralisk x3  
  155  10:05  Zergling x8  
  161  10:12  Overseer  
  151  10:14  Drone x3  
  151  10:15  Drone x4  
  151  10:16  Drone  
  151  10:18  Drone x3  
  158  10:23  Overseer x2  
  158  10:25  Zergling x2  
  158  10:26  Zergling x12  
  158  10:28  Baneling x4  
  165  10:35  Drone x6  
  171  10:42  Hydralisk x3  
  161  10:47  Hydralisk  
  161  10:48  Hydralisk x3  
  161  10:49  Zergling x4  
  166  10:57  Zergling x18  
  166  11:03  Queen  
  177  11:06  Extractor  
  176  11:14  Viper  
  176  11:15  Viper x2  
  176  11:17  Zergling x24  
  196  11:21  Baneling  
  196  11:22  Baneling x5  
  196  11:30  Drone x2  
  196  11:31  Drone x3  
  196  11:32  Zergling x4  
  188  11:47  Ultralisk Cavern  
  188  11:49  Zergling x2  
  188  11:50  Zergling x22  
  199  12:01  Zerg Ground Armor Level 3  
  196  12:09  Drone x3  
  199  12:19  Extractor  
  199  12:21  Extractor, Drone  
  199  12:22  Drone  
  173  12:45  Zergling x2  
  173  12:46  Zergling x40  
  173  12:51  Baneling x18  
  180  12:53  Zergling x22  
  180  12:54  Zergling x6  
  194  13:15  Zerg Missile Weapons Level 1  
  194  13:17  Hatchery  
  193  13:20  Hatchery  
  193  13:25  Ultralisk  
  190  13:45  Hatchery  
  163  13:49  Ultralisk x5  
  194  13:55  Drone x2  
  194  13:56  Drone x3  
  194  14:00  Baneling x4  
  198  14:04  Zergling x4  
  198  14:06  Baneling x5  
  200  14:12  Baneling  
  199  14:35  Chitinous Plating  
  199  14:38  Zerg Melee Weapons Level 3  
  199  14:44  Drone  
  197  14:49  Spire, Drone  
  197  14:50  Drone  
  197  14:51  Drone  
  199  15:07  Spine Crawler  
  199  15:08  Spore Crawler  
  199  15:09  Spine Crawler  
  184  15:34  Hatchery, Zergling x2  
  184  15:35  Zergling x26  
  179  15:38  Zergling x20  
  179  15:39  Ultralisk x2  
  197  15:54  Zergling x14  
  198  15:57  Baneling  
  198  15:58  Baneling x10  
  181  16:13  Viper x2  
  181  16:19  Extractor, Drone x3  
  181  16:22  Viper x2  
  181  16:23  Zerg Missile Weapons Level 2  
  181  16:24  Zergling x2  
  181  16:25  Zergling x20  
  200  16:33  Zerg Flyer Weapons Level 1, Hatchery  
  200  16:38  Zergling x2  
  191  16:49  Hydralisk x2  
  191  16:50  Hydralisk x2  
  199  17:05  Hatchery  
  198  17:13  Burrow  
  198  17:19  Extractor  
  193  17:48  Zergling x2  
  193  17:49  Zergling x26  
  195  17:53  Corruptor x2  
  185  18:40  Zergling x12  
  187  18:41  Corruptor  
  187  18:42  Corruptor x5  
  187  18:48  Hatchery  
  197  19:00  Zerg Flyer Armor Level 1  
  197  19:06  Drone  
  197  19:08  Spore Crawler  
  197  19:09  Queen  
  197  19:10  Extractor  
  196  19:19  Overseer x2  
  196  19:22  Baneling  
  196  19:23  Baneling x11  
  196  19:27  Drone x2  
  196  19:28  Drone  
  199  19:37  Spore Crawler  
  199  19:38  Spore Crawler, Infestor  
  197  19:39  Pathogen Glands  
  201  19:57  Baneling x16  
  201  19:58  Baneling x2  
  201  20:04  Baneling x7  
  199  20:20  Corruptor  
  199  20:21  Corruptor x4  
  173  20:30  Zergling x12  
  173  20:31  Zergling x4  
  153  20:38  Ultralisk, Zergling x2  
  153  20:39  Zergling x20  
  168  20:45  Extractor x2  
  168  20:46  Drone x3  
  168  20:47  Drone x3  
  168  20:48  Drone  
  172  20:53  Zerg Flyer Weapons Level 2, Corruptor x2  
  175  20:57  Zergling x10  
  175  20:59  Extractor  
  175  21:02  Queen x2  
  175  21:03  Queen x4  
  175  21:04  Queen  
  190  21:10  Corruptor  
  194  21:12  Drone x4  
  194  21:13  Overlord x2  
  194  21:16  Overlord  
  191  21:26  Drone x2  
  193  21:34  Baneling x6  
  193  21:36  Corruptor x2  
  185  22:00  Ultralisk x3, Zergling x6  
  140  22:13  Ultralisk, Zergling x2  
  140  22:25  Baneling  
  140  22:26  Baneling x5  
  135  22:40  Corruptor x2  
  131  22:49  Zergling x4  
  131  22:50  Zergling x2  
  132  23:05  Baneling x5  
  131  23:09  Zergling x16  
  132  23:25  Drone x6  
  132  23:26  Drone x2  
  139  23:28  Drone  
  140  23:43  Corruptor x3  
  146  23:50  Drone  
  146  23:51  Drone x4  
  151  23:56  Zergling x6  
  151  23:57  Spore Crawler  
  151  24:01  Zergling x8  
  157  24:07  Drone x4  
  157  24:12  Zergling x2  
  157  24:13  Zergling x8  
  106  24:32  Corruptor x4, Drone x11  
  106  24:33  Drone  
  106  24:38  Zergling x6  
  104  24:49  Zergling x2  
  101  25:07  Hatchery  
  96  25:20  Corruptor x2  
  100  25:34  Corruptor  
  102  25:48  Zergling x8  
  106  25:55  Overseer  
  102  26:06  Zergling x6  
  102  26:07  Zergling x2  
  104  26:27  Zergling x2  
  104  26:28  Zergling x4  
  104  26:40  Hatchery  
  103  27:00  Viper x2  
Show
View Real Time Build Order
Export as new Build Order

GuMiho Terran - Winner!

Build Orders: Gas First Reaper Expand, Reaper Expand, MMM Bio 

Get SALT Encoding   

  12  0:00  SCV  
  13  0:12  SCV  
  14  0:17  Supply Depot  
  14  0:24  SCV  
  15  0:28  Refinery  
  15  0:38  SCV  
  16  0:44  Barracks  
  16  0:50  SCV  
  17  1:02  SCV  
  18  1:15  SCV  
  19  1:31  Reaper, Orbital Command  
  20  1:43  Command Center  
  20  1:54  Factory  
  20  1:57  SCV  
  21  2:03  Refinery  
  21  2:05  Barracks Reactor  
  21  2:09  SCV  
  21  2:15  Supply Depot  
  22  2:21  SCV  
  23  2:36  SCV  
  24  2:41  Starport  
  24  2:42  Widow Mine, Marine x2  
  28  2:48  SCV  
  29  2:55  Orbital Command  
  29  3:00  Marine  
  29  3:01  SCV  
  29  3:02  Marine  
  32  3:12  Factory Tech Lab  
  32  3:13  SCV  
  32  3:18  Medivac  
  35  3:21  Marine x2  
  35  3:22  SCV  
  35  3:25  SCV  
  39  3:29  Supply Depot  
  39  3:34  SCV  
  39  3:37  SCV  
  39  3:40  Supply Depot  
  41  3:44  Hellion x2  
  41  3:48  SCV  
  46  3:49  Barracks Tech Lab  
  46  3:51  SCV  
  47  4:00  SCV  
  47  4:01  Raven  
  50  4:03  SCV  
  50  4:06  Hellion x2  
  50  4:09  Stimpack  
  55  4:12  SCV  
  55  4:15  SCV  
  57  4:25  SCV  
  57  4:27  Command Center, SCV  
  59  4:37  SCV  
  60  4:39  SCV  
  60  4:42  Supply Depot  
  61  4:49  Factory Reactor  
  61  4:51  Barracks, SCV  
  62  4:54  Supply Depot  
  62  4:55  Barracks  
  62  5:04  Raven, SCV x2, Marine  
  67  5:12  Engineering Bay  
  67  5:13  Refinery  
  67  5:14  Refinery, Engineering Bay  
  67  5:16  SCV x2  
  69  5:22  Marine  
  69  5:24  Supply Depot  
  69  5:25  Supply Depot  
  70  5:28  SCV  
  70  5:29  SCV  
  72  5:39  Marine, Factory Reactor  
  72  5:40  SCV  
  72  5:41  SCV  
  73  5:43  Terran Infantry Weapons Level 1, Terran Infantry Armor Level 1  
  73  5:52  SCV  
  73  5:53  Barracks  
  73  5:55  Barracks  
  73  5:56  Starport Reactor  
  74  5:57  Marine  
  74  5:58  Orbital Command  
  74  6:01  Marine  
  74  6:03  Marine  
  74  6:04  Marine  
  77  6:09  Marine  
  80  6:11  SCV x2  
  80  6:15  Marine  
  80  6:17  Orbital Command  
  82  6:19  Marine  
  82  6:24  Marine  
  82  6:25  Marine  
  82  6:26  Widow Mine x2, Combat Shields  
  82  6:27  Marine  
  82  6:29  SCV x2  
  90  6:35  Supply Depot  
  90  6:38  Medivac  
  90  6:39  Medivac  
  94  6:42  SCV x2  
  94  6:43  SCV  
  94  6:45  Supply Depot  
  97  6:50  Armory, Marine  
  97  6:52  Barracks Reactor  
  98  6:54  Barracks Reactor  
  98  6:57  Supply Depot  
  98  7:02  Marine x2  
  98  7:06  Marine x2  
  98  7:07  Widow Mine x2  
  99  7:09  SCV  
  99  7:10  SCV  
  99  7:12  SCV  
  102  7:15  Marine  
  102  7:20  Supply Depot, Marine  
  102  7:22  SCV x2  
  106  7:24  SCV  
  101  7:31  Marine x5  
  101  7:32  Marine  
  101  7:34  SCV x2  
  101  7:36  Missile Turret  
  109  7:37  Terran Infantry Weapons Level 2  
  109  7:38  Terran Infantry Armor Level 2  
  109  7:40  Terran Vehicle And Ship Armor Level 1, Marine x2  
  109  7:42  Marine  
  112  7:47  Supply Depot  
  112  7:49  Marine x4  
  112  7:50  Marine  
  117  7:52  Medivac x2  
  117  7:57  Marine  
  117  7:58  Marine  
  122  8:00  Marine x2  
  122  8:03  Widow Mine  
  122  8:04  Widow Mine  
  129  8:06  Marine  
  129  8:07  Marine x4  
  133  8:15  Marine  
  133  8:16  Marine  
  133  8:18  Marine x2  
  137  8:20  Supply Depot  
  137  8:22  Medivac x2, Supply Depot  
  137  8:26  Concussive Shells  
  141  8:30  Supply Depot  
  141  8:31  Supply Depot  
  141  8:33  Marine x3  
  141  8:34  Marine  
  145  8:35  Marine x2  
  145  8:37  Marauder  
  149  8:48  Marine x2  
  150  8:50  Command Center, Marine  
  150  8:52  Refinery  
  150  8:53  Refinery  
  152  8:57  Marine  
  152  8:58  Widow Mine, Marauder, Marine x2  
  156  9:12  Marine x2  
  156  9:13  Marine x2  
  155  9:19  Marauder  
  155  9:20  Starport  
  155  9:22  Fusion Core  
  157  9:24  Starport  
  157  9:25  Marine x2  
  157  9:27  Marine  
  157  9:28  Marine  
  157  9:31  Missile Turret  
  161  9:37  Terran Vehicle And Ship Armor Level 2  
  161  9:39  Marine  
  161  9:41  Marauder, Marine x2  
  161  9:42  Marine  
  161  9:43  Marine  
  167  9:58  Marine x2  
  167  9:59  Marine x2  
  158  10:00  Marine x2  
  158  10:02  Marauder, Marine x2  
  161  10:11  Liberator  
  161  10:12  Liberator  
  161  10:14  Widow Mine x2  
  161  10:15  Liberator  
  161  10:16  Marine x2  
  161  10:17  Marine x2  
  161  10:18  Starport Reactor, Advanced Ballistics  
  173  10:39  Unknown  
  173  10:40  Unknown  
  173  10:42  Liberator x2  
  166  10:45  Marauder, Marine x2  
  166  10:49  Marine  
  152  10:51  Marine  
  152  10:52  Marine x2  
  152  10:56  Marine x2  
  151  11:03  Marine x2  
  159  11:07  Terran Infantry Weapons Level 3  
  159  11:13  Marine  
  159  11:14  Marine  
  159  11:15  Marine  
  159  11:16  Marine x2  
  159  11:17  Widow Mine, Marine x2  
  159  11:18  Widow Mine  
  170  11:25  Marine x2  
  171  11:31  Marine x2  
  171  11:32  Medivac x3, Liberator  
  180  11:33  Marine  
  180  11:34  Marine x2  
  180  11:35  Marine  
  180  11:39  Marine  
  184  11:43  Marine x2  
  186  11:49  Marine x2  
  191  11:56  Planetary Fortress  
  191  12:00  Refinery  
  191  12:01  Refinery  
  191  12:04  Marauder  
  191  12:05  Marine x3  
  196  12:14  Unknown x8  
  196  12:24  Terran Vehicle And Ship Armor Level 3  
  196  12:31  Terran Infantry Armor Level 3  
  196  12:32  Marine x3  
  196  12:36  Command Center  
  196  12:38  Marine  
  196  12:42  Orbital Command  
  196  12:44  Liberator  
  196  12:46  Marine x2  
  181  12:56  Marine  
  181  12:58  Marauder  
  181  13:05  Supply Depot x2  
  181  13:07  Supply Depot  
  181  13:09  Liberator x2  
  181  13:26  Viking, Marine x5  
  196  13:27  Marauder, Marine  
  196  13:28  Widow Mine, Marine  
  196  13:29  Marine  
  196  13:33  Widow Mine  
  199  13:34  Liberator  
  199  13:35  Liberator  
  199  13:40  Barracks  
  199  13:44  Marine x2  
  199  13:45  Liberator  
  172  13:54  Marauder, Marine x3  
  172  13:55  Marine x2  
  182  13:56  Widow Mine, Marine  
  182  14:01  Widow Mine, Marine x2  
  192  14:15  Barracks, Planetary Fortress  
  192  14:16  Marauder  
  192  14:19  Sensor Tower, Liberator x2  
  192  14:29  Marine  
  192  14:30  Marine  
  194  14:32  Barracks Tech Lab  
  200  14:40  Liberator, Unknown x5  
  190  14:46  Medivac, Banshee  
  190  14:50  Marine x2  
  197  14:59  Marauder  
  200  15:08  Command Center  
  200  15:10  Sensor Tower  
  200  15:16  Marine x2  
  200  15:17  Marine x2  
  167  15:42  Terran Ship Weapons Level 1  
  167  15:53  Supply Depot  
  167  15:54  Supply Depot x2  
  167  15:56  Supply Depot x2  
  162  16:15  SCV, Marine x5  
  162  16:16  Marauder x2, SCV x2  
  172  16:28  SCV x3  
  172  16:29  Orbital Command  
  172  16:30  Liberator  
  172  16:31  Liberator  
  175  16:40  SCV x3  
  175  16:45  Marine x2  
  171  16:51  Marauder x2  
  171  16:52  SCV  
  177  16:55  Marine x2  
  177  17:00  Medivac x2  
  183  17:02  Barracks Tech Lab  
  183  17:05  SCV x3  
  186  17:12  Medivac  
  186  17:13  Liberator x3  
  188  17:18  SCV  
  188  17:19  Missile Turret  
  189  17:23  Marine x2  
  189  17:24  Marine  
  189  17:28  Liberator  
  172  17:30  Medivac  
  172  17:33  Marauder, Marine  
  172  17:34  Marine  
  172  17:37  Marauder  
  186  17:38  Marauder, Marine  
  186  17:40  Marine  
  186  17:42  Liberator  
  188  17:46  Marine  
  188  17:50  Marine x2  
  182  17:54  Marauder  
  184  18:02  Terran Ship Weapons Level 2  
  187  18:07  Refinery  
  187  18:08  Refinery, Marine  
  187  18:09  Marauder x2, Marine  
  187  18:10  Liberator x2  
  193  18:14  Widow Mine x2  
  187  18:29  Marine x3  
  187  18:30  Unknown x14  
  187  18:31  Unknown  
  191  18:35  Liberator x2  
  189  18:42  Widow Mine x2  
  192  18:52  Command Center  
  198  19:04  Marauder  
  200  19:15  Sensor Tower  
  200  19:18  Ghost Academy  
  200  19:47  Unknown x5  
  194  20:20  Liberator x3  
  188  20:25  Liberator x2  
  188  20:26  Marauder  
  168  20:35  Marine x2  
  142  20:36  Marauder  
  142  20:38  Unknown x4  
  152  20:54  Marauder x2, Marine x2  
  155  20:59  Marine x2  
  155  21:00  Marauder, Marine x3  
  155  21:03  Liberator x3  
  162  21:07  Missile Turret  
  162  21:08  Liberator x2  
  162  21:09  Missile Turret, Planetary Fortress  
  162  21:16  Marauder x2  
  166  21:19  Marine x2  
  166  21:21  Marauder  
  180  21:26  Marine x2  
  180  21:27  Marine  
  186  21:37  Marauder x2, Marine x2  
  192  21:42  Marauder  
  192  21:43  Terran Ship Weapons Level 3  
  192  21:45  Liberator x2  
  192  21:46  Liberator  
  194  21:48  Widow Mine, Command Center  
  194  21:51  Liberator  
  165  21:58  Marauder x2  
  165  22:00  Marine x2  
  145  22:01  Marine  
  145  22:02  Marine  
  145  22:03  Marine x2  
  145  22:04  Marauder, Marine x2  
  144  22:18  Marine x2  
  144  22:19  Marine  
  144  22:20  Marauder x2, Marine  
  144  22:21  Marine x2  
  144  22:22  Marine x2  
  154  22:25  Marine  
  149  22:31  Liberator x2  
  149  22:35  Marine  
  149  22:36  Marine  
  147  22:37  Marine x2  
  147  22:40  Orbital Command  
  143  22:45  Liberator  
  149  22:53  Marauder, Marine  
  149  22:54  Marine  
  153  23:00  Orbital Command  
  156  23:18  Marine  
  156  23:19  Marauder, Marine  
  160  23:20  Marine x2  
  160  23:21  Marine  
  160  23:26  Marine x2  
  160  23:27  Liberator x2  
  155  23:35  Marauder x2  
  159  23:42  Widow Mine x2  
  159  23:46  Marine  
  170  23:52  Marine x2  
  170  23:54  Supply Depot  
  172  23:58  Supply Depot  
  172  23:59  Supply Depot  
  172  24:02  Marine x3  
  174  24:08  Marine x2  
  174  24:12  Planetary Fortress, Marine x2  
  176  24:20  Liberator x2  
  159  24:28  Marauder x2, Marine x2  
  144  24:32  Marauder, Marine x6  
  144  24:38  SCV x3  
  150  24:46  Marine x2  
  150  24:49  Marine  
  150  24:50  Marauder, Marine x6  
  158  24:53  Marine  
  158  24:56  Medivac x2  
  163  25:04  Marine  
  164  25:08  Marauder  
  164  25:10  Marine x4  
  164  25:11  Marauder x2, Marine x3  
  168  25:21  Marine  
  168  25:28  Marine x2  
  171  25:29  Missile Turret  
  171  25:30  Missile Turret  
  171  25:32  Marauder  
  171  25:33  Widow Mine x2  
  179  25:49  Medivac x3  
  183  25:52  Medivac, Missile Turret  
  183  25:55  Medivac, Missile Turret  
  183  25:56  Marine  
  188  26:01  Marauder, Liberator  
  188  26:02  Liberator, Marine  
  188  26:03  Marine  
  192  26:06  Marine x2  
  189  26:20  Marauder  
  189  26:21  Marine  
  190  26:34  Marine x4  
  190  26:39  Marine  
  179  26:40  Medivac x3  
  179  26:46  Marauder, Marine  
  179  26:47  Marine x2  
  188  26:50  Marine  
  191  26:57  SCV x4  
  195  27:06  Marauder  
  195  27:07  Marauder  
  199  27:09  Marine  
Tags
 
Add a new tag
Caveats
  • Supply blocks, unpowered buildings, or Contaminate may cause inaccurate times.
  • Supply counts are checked every 10 seconds.